 Dungeon Crawl Stone Soup version 0.24-a0-613-g1ff6aac338 (webtiles) character file.

Game seed: 9748639477846310559, levelgen mode: deterministic

931 Engwar the Slinger (level 8, -1/49 HPs)
             Began as a Halfling Hunter on Sept 10, 2019.
             Was a Priest of Lugonu.
             Slain by a gnoll (6 damage)
             ... on level 5 of the Dungeon.
             The game lasted 00:20:15 (4296 turns).

Engwar the Slinger (Halfling Hunter)                Turns: 4296, Time: 00:20:15

Health: -1/49      AC: 12    Str: 13    XL:     8   Next: 33%
Magic:  12/12      EV: 13    Int: 10    God:    Lugonu [***...]
Gold:   194        SH:  6    Dex: 16    Spells: 5/7 levels left

rFire    + + .     SeeInvis .   b - +1 short sword (venom)
rCold    + . .     Gourm    .   p - +0 buckler
rNeg     . . .     Faith    .   u - +3 ring mail {rF+}
rPois    +         Spirit   .   (no helmet)
rElec    +         Reflect  .   (no cloak)
rCorr    +         Harm     .   (no gloves)
MR       .....                  (no boots)
Stlth    +.........             c - amulet of the acrobat
HPRegen  0.16/turn              j - ring of poison resistance
MPRegen  0.13/turn              k - +4 ring of protection

@: resistant
A: small, mutation resistance 1
a: Depart the Abyss, Bend Space, Banish, Renounce Religion


You were on level 5 of the Dungeon.
You worshipped Lugonu.
Lugonu was most pleased with you.
You were not hungry.

You visited 1 branch of the dungeon, and saw 6 of its levels.

You collected 194 gold pieces.

Inventory:

Hand Weapons
 a - a +1 hunting sling
 b - a +1 short sword of venom (weapon)
Missiles
 d - 66 sling bullets
 h - 75 stones (quivered)
 q - 5 atropa-tipped darts
 w - 6 curare-tipped darts
Armour
 p - a +0 buckler (worn)
 u - a +3 ring mail of fire resistance (worn)
Jewellery
 c - an amulet of the acrobat (around neck)
 j - a ring of poison resistance (left hand)
 k - a +4 ring of protection (right hand)
Wands
 t - a wand of flame (6)
Scrolls
 e - 2 scrolls of fog
 g - 4 scrolls of teleportation
 o - a scroll of magic mapping
 r - a scroll of amnesia
 y - a scroll of remove curse
Potions
 i - a potion of curing {unknown}
 l - 2 potions of haste {unknown}
 m - a potion of might {unknown}
 n - 2 potions of lignification {unknown}
 s - a potion of resistance
 v - a potion of degeneration {unknown}
 z - a potion of magic {unknown}
Comestibles
 f - 12 rations
 x - a chunk of flesh


   Skills:
 - Level 1.7 Fighting
 + Level 9.2 Slings
 - Level 2.1 Dodging
 - Level 1.1 Stealth
 - Level 5.8 Shields
 + Level 5.4 Invocations


You had 5 spell levels left.
You knew the following spells:

 Your Spells              Type           Power        Failure   Level  Hunger
a - Swiftness             Chrm/Air       #.......     77%         2    ###....

Your spell library contained the following spells:

 Spells                   Type           Power        Failure   Level  Hunger
 Shock                    Conj/Air       #...         63%         1    ##.....
 Static Discharge         Conj/Air       #.......     94%         3    ####...
 Airstrike                Air            #.........   100%        4    #####..
 Lightning Bolt           Conj/Air       #.........   100%        5    ######.


Dungeon Overview and Level Annotations

Branches:
Dungeon (6/15)             Temple (0/1) D:5

Altars:
Ashenzari
Dithmenos
Elyvilon
Kikubaaqudgha
Sif Muna
Lugonu

Shops:
D:4 }   D:5 [}

Annotations:
D:6 Grinder
Abyss:1 Sigmund


Innate Abilities, Weirdness & Mutations

You are small and have problems with some larger weapons.
You are somewhat resistant to further mutation.


Message History

Unknown command.
Unknown command.
Unknown command.
Your +1 short sword of venom begins to drip with poison!
b - a +1 short sword of venom (weapon)
You hit the gnoll.
The gnoll is moderately wounded.
The gnoll hits you.
* * * LOW HITPOINT WARNING * * *
You hit the gnoll.
The gnoll is heavily wounded.
You block the gnoll's attack. The gnoll hits you.
* * * LOW HITPOINT WARNING * * *
It was a potion of resistance.
You feel protected. The gnoll closely misses you.
You hit the gnoll.
The gnoll is poisoned.
The gnoll is severely wounded.
The gnoll hits you.
You die...

##########
##........####
#....g@......#
#..####.#.##.# #>.#
#....#.########## #..#
##................
#..###..............###
#..##..................
#..###.......###.#.####
#..####.....## #.#.#
#..........#####.#.#


You could see a gnoll.

Vanquished Creatures
  Menkaure (D:5)
  A phantom (D:5)
  A bullfrog (D:6)
  A scorpion (D:5)
  A centaur zombie (D:5)
  A centaur skeleton (D:6)
  An orc priest (D:4)
  An iguana (D:5)
  Ijyb (D:5)
  3 orc wizards
  A worker ant (D:4)
  A hound skeleton (D:6)
  A howler monkey skeleton (D:4)
  5 gnolls
  4 adders
  A shadow imp (D:3)
  An adder skeleton (D:3)
  4 worms
  A dart slug (D:1)
  3 leopard geckos
  14 orcs
  6 bats
  5 giant cockroaches
  7 goblins
  6 hobgoblins
  3 jackals (D:1)
  3 quokkas
  6 frilled lizards
  5 kobolds
  2 quokka skeletons (D:4)
  15 rats
106 creatures vanquished.

Vanquished Creatures (others)
  An ogre (D:4)
1 creature vanquished.

Grand Total: 107 creatures vanquished

Notes
Turn   | Place    | Note
-------+----------+-------------------------------------------
     0 | D:1      | Engwar the Halfling Hunter began the quest for the Orb.
     0 | D:1      | Reached XP level 1. HP: 14/14 MP: 1/1
    14 | D:1      | Reached skill level 6 in Slings
    28 | D:1      | Reached XP level 2. HP: 19/19 MP: 2/2
   163 | D:1      | Reached skill level 7 in Slings
   163 | D:1      | Reached XP level 3. HP: 22/24 MP: 3/3
   798 | D:2      | Found a faded altar of an unknown god.
   800 | D:2      | Became a worshipper of Lugonu the Unformed
   800 | D:2      | Reached * piety under Lugonu
   800 | D:2      | Reached ** piety under Lugonu
  1172 | D:2      | Reached XP level 4. HP: 25/29 MP: 4/4
  1295 | D:2      | Reached skill level 1 in Invocations
  1928 | D:3      | Reached skill level 8 in Slings
  1993 | D:3      | Reached XP level 5. HP: 31/34 MP: 6/6
  2476 | D:4      | Noticed Sigmund
  2484 | D:4      | Noticed an ogre
  2699 | D:4      | Reached skill level 1 in Shields
  2717 | D:4      | Reached XP level 6. HP: 19/39 MP: 6/8
  2727 | D:4      | Found Kikaup's Gadget Emporium.
  2732 | D:4      | Reached *** piety under Lugonu
  2882 | D:4      | Banished an ogre
  3066 | D:4      | Found a shimmering blue altar of Sif Muna.
  3072 | D:4      | Found an ancient bone altar of Kikubaaqudgha.
  3295 | D:4      | Found a shattered altar of Ashenzari.
  3295 | D:4      | Found a shadowy altar of Dithmenos.
  3300 | D:4      | Found a faded altar of an unknown god.
  3302 | D:4      | Found a white marble altar of Elyvilon.
  3303 | D:4      | Found a faded altar of an unknown god.
  3348 | D:5      | Entered Level 5 of the Dungeon
  3348 | D:5      | Noticed Menkaure
  3414 | D:5      | Reached XP level 7. HP: 44/44 MP: 10/10
  3452 | D:5      | Learned a level 2 spell: Swiftness
  3472 | D:5      | Killed Menkaure
  3515 | D:5      | Banished Sigmund
  3553 | D:5      | Found a staircase to the Ecumenical Temple.
  3588 | D:5      | Noticed Ijyb
  3612 | D:5      | Killed Ijyb
  3666 | D:5      | Reached skill level 5 in Shields
  3681 | D:5      | Reached skill level 5 in Invocations
  3681 | D:5      | Reached XP level 8. HP: 31/49 MP: 11/11
  3686 | D:5      | Found Raclukim's Antique Armour Emporium.
  3702 | D:5      | Found Lixic's Gadget Boutique.
  4080 | D:6      | Noticed Grinder
  4138 | D:5      | Reached skill level 9 in Slings
  4296 | D:5      | Slain by a gnoll

Levels and vault maps discovered:
D:1:      sevenhm_arrival_forest_fort_large_4, layout_rooms, minmay_3d_cube
D:2:      layout_loops_cross, chequers_ecumenical_altar_twisty, eino_curves_02,
          grunt_ministairs_8, guppyfry_early_lair_pool
D:3:      layout_loops_cross
D:4:      layout_loops_cross, chequers_temple_overflow_minitemple,
          grunt_temple_overflow_open, serial_shops, shop, supply_closet_lemuel,
          corexii_leaking_fountain, uniq_sigmund
D:5:      layout_loops_ring, minmay_temple_entry_wispy, serial_shops, shop,
          shop, first_ration, uniq_ijyb, uniq_menkaure
D:6:      layout_cave_pools, kennysheep_mini, uniq_grinder

Skill      XL: |  1  2  3  4  5  6  7  8 |
---------------+-------------------------+-----
Slings         | 6 7 8 9 |  9.2
Invocations    | 2 3 4 5 |  5.4
Shields        | 2 3 5 |  5.8
Fighting       | |  1.7
Dodging        | |  2.1
Stealth        | |  1.1

Action                   |  1- 3 |  4- 6 |  7- 9 || total
-------------------------+-------+-------+-------++-------
Melee: Short sword       |    40 |    86 |    36 ||   162
 Fire: Hunting sling     |    66 |   113 |    83 ||   262
Invok: Banish            |       |     1 |     1 ||     2
  Use: Scroll            |     3 |     7 |     3 ||    13
       Potion            |       |       |     1 ||     1
  Eat: Chunk             |     1 |     3 |     1 ||     5
       Ration            |       |     1 |     1 ||     2
Armor: Leather armour    |    12 |    34 |     4 ||    50
       Ring mail         |       |       |    19 ||    19
Dodge: Dodged            |    36 |    84 |    33 ||   153
Block: Buckler           |       |     9 |    26 ||    35

Table legend:
 A = Non-vault XP
 B = Vault XP
 C = Vault XP percentage of total XP
 D = Non-vault monster count
 E = Vault monster count
 F = Vault count percentage of total count
                 A         B        C        D         E       F
            +---------+---------+-------+---------+---------+-------
      Total |    1010 |     320 |  24.1 |     100 |       8 |   7.4
            +---------+---------+-------+---------+---------+-------
        D:1 |      43 |       4 |   8.5 |      28 |       3 |   9.7
        D:2 |      56 |       2 |   3.4 |      21 |       2 |   8.7
        D:3 |      50 |       0 |   0.0 |      12 |       0 |   0.0
        D:4 |     353 |       0 |   0.0 |      23 |       0 |   0.0
        D:5 |     324 |     314 |  49.2 |      10 |       3 |  23.1
        D:6 |     184 |       0 |   0.0 |       6 |       0 |   0.0
            +---------+---------+-------+---------+---------+-------
